 Dungeon Crawl Stone Soup version 0.16-a0-4038-ge07a62f (webtiles) character file.

149 Ololoev the Chopper (level 5, -1/42 HPs)
             Began as a Hill Orc Gladiator on Feb 19, 2015.
             Was an Initiate of Beogh.
             Killed from afar by an orc wizard (5 damage)
             ... with a magic dart
             ... on level 4 of the Dungeon.
             The game lasted 00:05:15 (1955 turns).

Ololoev the Chopper (Hill Orc Gladiator)            Turns: 1955, Time: 00:05:16

Health: -1/42      AC:  4    Str: 19    XL:     5   Next: 31%
Magic:  5/6        EV: 12    Int:  8    God:    Beogh [......]
Gold:   45         SH:  0    Dex: 11    Spells: 0 memorised, 4 levels left

rFire  . . .     SeeInvis .     a - +0 war axe
rCold  . . .     Clarity  .     b - +0 leather armour
rNeg   + . .     SustAb   .     (no shield)
rPois  .         Gourm    .     c - +0 helmet
rElec  .         Spirit   .     (no cloak)
rCorr  .         Warding  .     (no gloves)
rMut   .         Stasis   .     (no boots)
MR     .....                    (no amulet)
Stlth  +.........               (no ring)
                                g - ring of positive energy

@: not resistant to hostile enchantments, very unstealthy
A: no striking features
a: Renounce Religion


You were on level 4 of the Dungeon.
You worshipped Beogh.
Beogh was noncommittal.
You were hungry.

You visited 1 branch of the dungeon, and saw 4 of its levels.
You also visited: Sewer.

You collected 45 gold pieces.

Notes
Turn   | Place    | Note
--------------------------------------------------------------
     0 | D:1      | Ololoev, the Hill Orc Gladiator, began the quest for the Orb.
     0 | D:1      | Reached XP level 1. HP: 18/18 MP: 1/1
   108 | D:2      | Reached XP level 2. HP: 22/25 MP: 2/2
   204 | D:2      | Reached skill level 1 in Armour
   296 | D:2      | Reached skill level 5 in Axes
   296 | D:2      | Reached XP level 3. HP: 13/30 MP: 3/3
   818 | D:3      | Found a white marble altar of Elyvilon.
   897 | D:3      | Reached XP level 4. HP: 16/37 MP: 4/4
  1039 | D:3      | Found a glowing drain.
  1043 | Sewer    | Entered a sewer
  1079 | Sewer    | Reached skill level 6 in Axes
  1432 | Sewer    | Reached XP level 5. HP: 28/42 MP: 5/5
  1858 | D:3      | Found a shadowy altar of Dithmenos.
  1938 | D:4      | Became a worshipper of Beogh the Brigand
  1952 | D:4      | Reached skill level 1 in Evocations
  1955 | D:4      | Killed from afar by an orc wizard

Inventory:

Hand weapons
 a - a +0 war axe (weapon)
Missiles
 d - 3 throwing nets (quivered)
Armour
 b - a +0 leather armour (worn)
 c - a +0 helmet (worn)
Jewellery
 g - a ring of positive energy (left hand)
Magical devices
 i - a wand of draining (4)
Scrolls
 h - a scroll of magic mapping
 n - a scroll of fear {unknown}
 q - a scroll of teleportation {unknown}
Potions
 e - a potion of ambrosia
 k - a potion of curing {unknown}
 l - 2 potions of haste {unknown}
 m - 2 potions of magic {unknown}
 o - a potion of brilliance {unknown}
 p - a potion of might {unknown}
Comestibles
 f - 2 meat rations
 j - 2 slices of pizza

Table legend:
 A = Turns spent in this place as a percentage of turns spent in the entire game.
 B = Non-inter-level travel turns spent in this place as a percentage of non-inter-level travel turns spent in the entire game.
 C = Inter-level travel turns spent in this place as a percentage of turns spent in this place.
 D = Turns resting spent in this place as a percentage of non-inter-level travel turns spent in this place.
 E = Turns spent auto-exploring this place as a percentage of non-inter-level travel turns spent in this place.
 F = Non-inter-level travel turns spent in this place divided by the number of levels of this place that you've seen.
                   A       B       C       D       E      F
               +-------+-------+-------+-------+-------+----------------------
         Total | 100.0 | 100.0 |   0.5 |   4.1 |   4.8 | 161.4
       Dungeon |  78.7 |  78.6 |   0.6 |   2.8 |   3.9 | 158.5
         Sewer |  21.3 |  21.4 |   0.0 |   8.7 |   8.1 | 173.0
               +-------+-------+-------+-------+-------+----------------------


   Skills:
 - Level 2.4 Fighting
 * Level 6.5 Axes
 - Level 2.0 Throwing
 + Level 2.6 Armour
 - Level 2.4 Dodging
 + Level 1.2 Evocations


You had 4 spell levels left.
You didn't know any spells.

Dungeon Overview and Level Annotations

Branches:
Dungeon (4/15)
 Temple: D:4-7

Altars:
Dithmenos
Elyvilon


Message History

You slash the orc wizard!
The orc wizard is severely wounded.
You closely miss the orc wizard. The orc wizard hits you with a dagger.
The orc priest closely misses the orc wizard.
The orc wizard casts a spell at you. The puff of flame misses you.
The orc wizard hits you with a dagger.
You closely miss the orc wizard.
The orc wizard is severely wounded.
You hit the orc wizard.
The orc wizard is lightly wounded.
The orc wizard hits you but does no damage.
The orc priest hits the orc wizard but does no damage.
The orc wizard points at you and mumbles some strange words.
The puff of flame hits you!
You closely miss the orc wizard.
The orc wizard is lightly wounded.
You closely miss the orc wizard.
The orc wizard is severely wounded.
The orc wizard barely misses you.
The orc priest closely misses the orc wizard.
The orc wizard hits you with a dagger. The orc wizard misses you.
You hit the orc wizard.
The orc wizard is heavily wounded.
You slash the orc wizard!
You kill the orc wizard!
Beogh accepts your kill.
Your Evocations skill increases to level 1!
The orc wizard misses you.
The orc wizard hits you but does no damage.
The orc priest closely misses the orc wizard.
You hit the orc wizard.
The orc wizard is almost dead.
The orc wizard hits you but does no damage.
The orc wizard mumbles some strange words.
The orc wizard blinks!
The orc wizard gestures at you while chanting.
The magic dart hits you!
The orc wizard points at you and mumbles some strange words.
The magic dart hits you!
You die...

... ..#### #o#.o #.#.#
######### #...#
#.......# #.).#
#.#####.# #...#
#.#...#.# #.#.#
#.#.#.#.# #.#@#
###.#.#.#.#+##+#.#
#.....#.#.....)..#
#.#.###.#.......[.......
#+#.....#.........####.
....#####............
................#..##
....#####............
#.### #.#.######..#


You could see an orc wizard and a neutral orc priest (wandering).

Table legend:
 A = Kills in this place as a percentage of kills in entire the game.
 B = Kills by you in this place as a percentage of kills by you in the entire game.
 C = Kills by friends in this place as a percentage of kills by friends in the entire game.
 D = Other kills in this place as a percentage of other kills in the entire game.
 E = Experience gained in this place as a percentage of experience gained in the entire game.
 F = Experience gained in this place divided by the number of levels of this place that you have seen.
                   A       B       C       D       E      F
               +-------+-------+-------+-------+-------+----------------------
         Total | 100.0 | 100.0 |  -nan |  -nan | 100.0 |  42.6
       Dungeon |  75.0 |  75.0 |  -nan |  -nan |  75.1 |  40.0
         Sewer |  25.0 |  25.0 |  -nan |  -nan |  24.9 |  53.0
               +-------+-------+-------+-------+-------+----------------------

Vanquished Creatures
  An orc wizard (D:4)
  5 adders
  A river rat (D:3)
  A giant mite (D:3)
  4 worms
  A giant gecko (D:3)
  An ooze (D:3)
  4 giant cockroaches (D:3)
  4 goblins
  5 hobgoblins
  3 ball pythons (Sewer)
  4 bats
  10 giant newts
  4 kobolds
  4 rats
52 creatures vanquished.

Vanquished Creatures (others)
  An orc (D:4)
  A quokka (D:3)
2 creatures vanquished.

Grand Total: 54 creatures vanquished

Action                   |  1- 3 |  4- 6 || total
-------------------------+-------+-------++-------
Melee: War axe           |   101 |    90 ||   191
Invok: Convert to Beogh  |       |     1 ||     1
  Use: Scroll            |     3 |       ||     3
  Eat: Chunk             |       |     3 ||     3

Vault maps used:
D:1:      lightli_iron_boxes
D:2:      gammafunk_temple_overflow_forgotten, first_bread, serial_bayou_pond_d
D:3:      elyvilon_altar_4, grunt_temple_overflow_open, gup_sewer_entry_spiral,
          uniq_grinder
D:4:      demons_altar, lemuel_crystal_altar, yredelemnul_altar_generic
Sewer:    sewer_co_cracked_pipes
